AoeStats
← CYTR.波吉

MegaRandom

505246388Analyzed
4v4 RM · 24d ago on Sep 8, 2026· 55m 37s· 8 players
Game mode
Random Map
Map size
Large (8 player)
Population
200
Speed
Normal
Resources
Standard
Victory
Conquest
Starting age
Dark Age
Ending age
Imperial Age
RankedLock teamsTeams togetherTeam positionsShared explorationLock speedFull tech treeHidden civsTurbo modeCheats
Victory
Defeat
🇦🇺 Khmer · Australia
1337
+14
🇲🇽 Georgians · Mexico
1278
+17
🇺🇸 Tatars · United States
1264
+17
🇬🇧 Britons · United Kingdom
1215
+20
🇭🇰 Khitans · Hong Kong SAR China
1308
-18
🇹🇼 Muisca · Taiwan
1297
-17
🇹🇼 Koreans · Taiwan
1297
-17
🇨🇳 Slavs · China
1276
-16
S.H.E
5:02 Loom
17:08 Feudal Age
20:39 Castle Age
19:18 Gold Mining
19:17 Double-Bit Axe
20:46 Scale Barding Armor
21:46 Bow Saw
22:33 Domestication
23:50 Forging
26:58 Wheelbarrow
33:01 Light Cavalry
33:42 Husbandry
33:49 Stone Mining
34:16 Pastoralism
37:56 Chain Barding Armor
38:14 Elite Skirmisher
43:22 Imperial Age
43:09 Iron Casting
42:52 Fletching
43:41 Padded Archer Armor
43:49 Padded Archer Armor
44:46 Bodkin Arrow
45:29 Plate Barding Armor
45:11 Leather Archer Armor
44:32 Hussar
47:38 Bracer
48:10 Ring Archer Armor
48:23 Ballistics
49:04 Chemistry
CYTR.波吉
10:17 Loom
12:04 Feudal Age
10:24 Loom
17:34 Castle Age
15:41 Double-Bit Axe
17:50 Gold Mining
18:11 Horse Collar
21:28 Town Watch
23:25 Wheelbarrow
25:33 Bow Saw
25:28 Champi Runner
26:19 Squires
32:18 Imperial Age
30:57 Gold Shaft Mining
30:30 Fletching
30:45 Padded Archer Armor
31:10 Elite Skirmisher
31:48 Bodkin Arrow
33:03 Bracer
33:25 Ballistics
35:05 Chemistry
35:19 Leather Archer Armor
36:19 Hand Cart
37:09 Pikeman
37:52 Scale Mail Armor
41:30 Thumb Ring
42:15 Chain Mail Armor
42:54 Heavy Plow
43:52 Plate Mail Armor
43:35 Treadmill Crane
44:01 Siege Engineers
47:37 Conscription
48:21 Town Patrol
49:49 Forging
54:44 Murder Holes
[GRs]KillerJerry
7:33 Loom
12:25 Feudal Age
13:34 Man-at-Arms
14:10 Double-Bit Axe
17:03 Town Watch
19:42 Scale Mail Armor
24:11 Fletching
26:04 Wheelbarrow
29:17 Castle Age
27:54 Bloodlines
28:03 Scale Barding Armor
28:35 Forging
28:36 Horse Collar
29:19 Light Cavalry
30:49 Elite Skirmisher
32:22 Bodkin Arrow
43:25 Padded Archer Armor
46:34 Leather Archer Armor
47:56 Hand Cart
56:05 Imperial Age
CYTR.波力士上帝
5:34 Loom
12:47 Feudal Age
13:38 Double-Bit Axe
19:35 Fletching
23:19 Wheelbarrow
25:31 Town Watch
30:11 Castle Age
28:29 Horse Collar
30:14 Elite Skirmisher
33:02 Ballistics
41:20 Squires
40:49 Pikeman
47:30 Imperial Age
47:34 Heavy Plow
51:05 Imperial Age
RustBuckets
5:40 Loom
16:08 Feudal Age
17:04 Double-Bit Axe
17:38 Town Watch
19:21 Fletching
26:50 Horse Collar
30:57 Castle Age
29:38 Bloodlines
30:32 Gold Mining
36:38 Wheelbarrow
36:44 Bodkin Arrow
37:46 Ballistics
37:53 Husbandry
39:53 Gold Shaft Mining
39:36 Hand Cart
39:38 Bow Saw
39:54 Padded Archer Armor
44:05 Imperial Age
42:01 Silk Armor
42:17 Leather Archer Armor
44:10 Scale Barding Armor
45:20 Chain Barding Armor
45:11 Forging
45:05 Bracer
46:31 Ring Archer Armor
46:49 Plate Barding Armor
47:07 Ring Archer Armor
46:50 Forging
47:19 Elite Steppe Lancer
49:58 Chemistry
51:36 Iron Casting
52:04 Masonry
53:13 Heavy Cavalry Archer
56:03 Blast Furnace
.|.
6:26 Loom
13:45 Feudal Age
18:06 Castle Age
17:07 Fletching
18:05 Town Watch
18:17 Double-Bit Axe
20:33 Padded Archer Armor
21:53 Horse Collar
25:27 Bodkin Arrow
26:10 Wheelbarrow
27:33 Ballistics
27:48 Bow Saw
37:38 Imperial Age
36:25 Hand Cart
35:56 Town Watch
36:41 Gold Mining
38:54 Forging
38:50 Scale Barding Armor
40:09 Chemistry
39:42 Svan Towers
40:52 Bloodlines
40:42 Husbandry
41:41 Conscription
41:32 Guard Tower
41:23 Treadmill Crane
43:11 Light Cavalry
45:05 Iron Casting
45:11 Heavy Plow
46:14 Keep
45:57 Hussar
46:58 Murder Holes
49:27 Blast Furnace
48:48 Chain Barding Armor
49:17 Bracer
DreamStolen
3:43 Loom
15:29 Feudal Age
16:35 Double-Bit Axe
18:48 Scale Barding Armor
19:41 Bloodlines
20:02 Forging
19:47 Horse Collar
22:18 Forging
28:35 Castle Age
29:07 Light Cavalry
30:11 Chain Barding Armor
32:28 Wheelbarrow
34:34 Iron Casting
50:28 Husbandry
Vennardinho
8:57 Loom
9:21 Loom
12:39 Feudal Age
13:33 Double-Bit Axe
14:58 Horse Collar
16:39 Fletching
20:38 Padded Archer Armor
26:01 Castle Age
26:05 Crossbowman
26:50 Bodkin Arrow
27:52 Leather Archer Armor
28:20 Ballistics
32:13 Wheelbarrow
36:36 Hand Cart
40:45 Imperial Age
40:50 Arbalester
41:30 Bracer
43:35 Chemistry
43:14 Onager
48:02 Scale Barding Armor
49:34 Cavalier
50:35 Chain Barding Armor
51:04 Bow Saw
52:12 Chain Barding Armor
51:54 Husbandry
54:00 Light Cavalry
54:52 Forging
Connection lost

Rejoining the realm…

Still unreachable

The connection could not be restored.

Session expired

The server has moved on; the page needs a fresh start.